 Dungeon Crawl Stone Soup version 0.20-a0-1023-gc4d110f (webtiles) character file.

92 Rrauwl the Skirmisher (level 4, -1/37 HPs)
             Began as a Formicid Fighter on Apr 19, 2017.
             Killed by divine providence
             ... invoked by an orc priest
              (14 damage)
             ... on level 3 of the Dungeon.
             The game lasted 00:04:54 (1670 turns).

Rrauwl the Skirmisher (Formicid Fighter)            Turns: 1670, Time: 00:04:55

Health: -1/37      AC:  6    Str: 21    XL:     4   Next: 90%
Magic:  4/4        EV:  8    Int:  8    God:
Gold:   134        SH:  9    Dex: 10    Spells: 3/3 levels left

rFire    . . .     SeeInvis +   a - +0 war axe
rCold    . . .     Gourm    .   c - +0 shield
rNeg     + . .     Faith    .   b - +0 scale mail
rPois    .         Spirit   .   (helmet unavailable)
rElec    .         Reflect  .   (no cloak)
rCorr    .         Harm     .   (no gloves)
MR       .....                  (no boots)
Stlth    ..........             (no amulet)
Regen    0.2/turn               u - ring of positive energy
MPRegen  0.1/turn               (no ring)

@: lethally poisoned (-1 -> -2)
A: permanent stasis, dig shafts and tunnels, four strong arms, antennae 3
a: Dig, Shaft Self


You were on level 3 of the Dungeon.
You were not hungry.

You visited 1 branch of the dungeon, and saw 3 of its levels.

You collected 134 gold pieces.

Inventory:

Hand Weapons
 a - a +0 war axe (weapon)
Missiles
 i - 19 bolts
Armour
 b - a +0 scale mail (worn)
 c - a +0 shield (worn)
Jewellery
 p - an uncursed ring of stealth {unknown}
 u - a ring of positive energy (left hand)
Scrolls
 j - 3 scrolls of amnesia {unknown}
 k - a scroll of enchant armour {unknown}
 l - a scroll of teleportation {unknown}
 o - a scroll of random uselessness {unknown}
 q - 5 scrolls of identify {unknown}
 r - a scroll of blinking {unknown}
 t - a scroll of recharging {unknown}
Potions
 d - a potion of might
 e - 2 potions of magic {unknown}
 g - a potion of mutation {unknown}
 m - a potion of degeneration {unknown}
 n - a potion of agility {unknown}
Comestibles
 f - 5 bread rations
 h - 2 fruits
 s - 3 chunks of flesh


   Skills:
 + Level 4.1 Fighting
 + Level 2.8 Axes
 + Level 3.6 Armour
 + Level 1.4 Dodging
 + Level 4.1 Shields


You had 3 spell levels left.
You didn't know any spells.

Dungeon Overview and Level Annotations

Branches:
Dungeon (3/15)

Altars:
Elyvilon
Qazlal
Uskayaw


Innate Abilities, Weirdness & Mutations

You cannot be hasted, slowed, berserked, paralysed or teleported.
You can dig through walls and to a lower floor.
Your four strong arms can wield two-handed weapons with a shield.
You have a pair of large antennae on your head. (SInv)


Message History

Unknown command.
You closely miss the orc priest.
The orc priest is lightly wounded.
You closely miss the adder. The adder closely misses you.
The orc priest invokes the aid of Beogh against you.
Pain shoots through your body! The adder bites you but does no damage.
Unknown command.
Your shield and scale mail prevent you from hitting the orc priest.
The orc priest is lightly wounded.
Your shield and scale mail prevent you from hitting the adder.
You feel sick. The orc priest closely misses you.
The adder bites you but does no damage.
The orc priest invokes the aid of Beogh against you.
You barely resist. The adder closely misses you.
You hit the orc priest but do no damage.
The orc priest is lightly wounded.
You hit the adder. The adder barely misses you.
The orc priest mumbles some strange prayers to Beogh against you.
Beogh smites you!
You die...

###.#...#.. #
.!.#((.#. ##.
#$.##### ....
......
##..###..._
#......... ##
#......oS### #. .
#.....†)@?.##
#.####.
#........#..#
#......
#......(....#####
#......
###.###(###.....#
#...... # #.#
#.....# #.....#
#'###.....#
##'####
+_'.......# #.#
#####.....# #.#
###
#.....####.####


You could see 2 dancing weapons, an orc priest and an adder.

Vanquished Creatures
  2 adders (D:2)
  2 worms
  3 dart slugs
  3 leopard geckos
  8 orcs (D:3)
  2 ball pythons (D:3)
  A giant cockroach (D:2)
  4 goblins
  4 hobgoblins
  2 jackals (D:3)
  6 bats
  2 frilled lizards
  7 kobolds
  4 rats
50 creatures vanquished.

Notes
Turn   | Place    | Note
-------+----------+-------------------------------------------
     0 | D:1      | Rrauwl the Formicid Fighter began the quest for the Orb.
     0 | D:1      | Reached XP level 1. HP: 18/18 MP: 1/1
    98 | D:1      | Reached XP level 2. HP: 24/24 MP: 2/2
   532 | D:1      | Reached XP level 3. HP: 29/29 MP: 3/3
  1180 | D:2      | Reached XP level 4. HP: 35/37 MP: 4/4
  1190 | D:2      | Found a white marble altar of Elyvilon.
  1385 | D:3      | Reached skill level 1 in Dodging
  1641 | D:3      | Found a stormy altar of Qazlal.
  1647 | D:3      | Found a hide-covered altar of Uskayaw.
  1649 | D:3      | Noticed a hand axe
  1649 | D:3      | Noticed a hand axe
  1670 | D:3      | Killed from afar by an orc priest

Vault maps used:
D:1:      minmay_arrival_glassed_features
D:2:      marbit_many_paths
D:3:      dancing_weapons_uskayaw, lemuel_doored_altar, first_bread,
          columned_hall_lemuel

Skill      XL: |  1  2  3  4 |
---------------+-------------+-----
Fighting       | 4 |  4.1
Dodging        | 1 |  1.4
Shields        | 4 |  4.1
Axes           | |  2.8
Armour         | |  3.6

Action                   |  1- 3 |  4- 6 || total
-------------------------+-------+-------++-------
Melee: War axe           |    73 |    67 ||   140
  Eat: Chunk             |     1 |     2 ||     3
Armor: Scale mail        |    29 |    37 ||    66
Dodge: Dodged            |    23 |    28 ||    51
Block: Shield            |    34 |    40 ||    74
